 Dungeon Crawl Stone Soup version 0.30-a0-540-g0af01429fa (webtiles) character file.

Game seed: 12103839958184104653

18463 Mesmaeker13 the Fighter (level 12, -9/110 HPs)
             Began as a Ghoul Monk on Dec 25, 2022.
             Was an Elder of Wu Jian.
             Killed by dispel undead
             ... invoked by Josephine
              (34 damage)
             ... on level 3 of the Lair of Beasts.
             The game lasted 00:30:52 (15568 turns).

Mesmaeker13 the Fighter (Ghoul Monk)               Turns: 15568, Time: 00:30:53

Health: -9/110     AC: 12    Str: 20    XL:     12   Next: 58%
Magic:  11/11      EV: 12    Int:  9    God:    Wu Jian [****..]
Gold:   816        SH:  5    Dex: 11    Spells: 11/11 levels left

rFire   + . .      SeeInvis .      - Unarmed
rCold   . . .      Faith    .    (no shield)
rNeg    + + +      Spirit   .    T - +2 robe of Prudence {Int+4 Slay+6}
rPois   ∞          Reflect  +    H - +0 helmet
rElec   .          Harm     .    N - +1 cloak
rCorr   .          Rampage  .    D - +0 pair of gloves
Will    +....                    x - +1 pair of boots {Stlth+}
Stlth   +++                      m - amulet of reflection
HPRegen 0.00/turn                p - ring of fire
MPRegen 0.12/turn                v - ring of willpower

@: inhibited regen, slowed, invisible, very slow
A: claws 1, cold resistance 1, negative energy resistance 3, inhibited
regeneration, torment resistance 2, devour on kill
a: Renounce Religion, Wall Jump, Serpent's Lash


You were on level 3 of the Lair of Beasts.
You worshipped Wu Jian.
Wu Jian was greatly pleased with you.
You visited 2 branches of the dungeon, and saw 13 of its levels.
You also visited: Sewer and Ossuary.

You collected 996 gold pieces.
You spent 180 gold pieces at shops.

Inventory:

Hand Weapons
 a - a +0 triple crossbow
 s - a +4 scimitar of flaming
Missiles
 f - 34 poisoned darts (quivered)
 r - 4 silver boomerangs
 F - a javelin
Armour
 b - a +1 leather armour of cold resistance
 x - a +1 pair of boots of stealth (worn)
 D - a +0 pair of gloves (worn)
 H - a +0 helmet (worn)
 N - a +1 cloak (worn)
 T - the +2 robe of Prudence (worn) {Int+4 Slay+6}
   (You found it on level 8 of the Dungeon)

   Int:       It affects your intelligence (+4).
   Slay:      It affects your accuracy & damage with ranged weapons and melee
   (+6).
 U - +0 acid dragon scales
 V - a +0 troll leather armour
Jewellery
 l - a ring of see invisible
 m - an amulet of reflection (around neck)
 p - a ring of fire (left hand)
 v - a ring of willpower (right hand)
 y - an amulet of the acrobat
 P - a ring of protection from cold
 X - an amulet of guardian spirit
Wands
 J - a wand of paralysis (8)
 O - a wand of iceblast (4)
 Q - a wand of flame (30)
 Y - a wand of quicksilver (9)
Scrolls
 c - a scroll of teleportation {unknown}
 e - 2 scrolls of fog {unknown}
 i - 3 scrolls of enchant weapon
 j - a scroll of enchant armour
 n - 2 scrolls of blinking
 q - a scroll of acquirement {unknown}
 A - a scroll of torment {unknown}
 C - 3 scrolls of amnesia
 E - 3 scrolls of noise {unknown}
 I - 3 scrolls of magic mapping {unknown}
 M - 3 scrolls of immolation
 R - a scroll of butterflies {unknown}
Potions
 d - a potion of attraction
 g - 3 potions of flight
 h - 5 potions of curing
 k - a potion of invisibility
 o - 2 potions of heal wounds
 t - 3 potions of haste
 u - 2 potions of might {unknown}
 w - a potion of lignification {unknown}
 z - 2 potions of berserk rage {unknown}
 B - 2 potions of resistance {unknown}
 G - a potion of magic {unknown}
 K - 2 potions of degeneration {unknown}
 W - a potion of brilliance {unknown}


   Skills:
 + Level 11.4 Fighting
 + Level 7.4 Ranged Weapons
 + Level 8.9 Armour
 - Level 3.2 Dodging
 - Level 3.1 Stealth
 + Level 11.4 Unarmed Combat
 + Level 6.7 Evocations


You had 11 spell levels left.
You didn't know any spells.
Your spell library contained the following spells:

 Spells                   Type           Power      Damage    Failure   Level
 Kiss of Death            Conj/Necr      0%         2d5       38%         1
 Sting                    Tmut/Pois      0%         1d3       38%         1
 Passwall                 Tmut/Erth      0%         N/A       52%         2
 Poisonous Vapours        Pois/Air       0%         N/A       52%         2
 Confusing Touch          Hex            0%         N/A       77%         3
 Dazzling Flash           Conj/Hex       0%         N/A       77%         3
 Gell's Gravitas          Tloc           0%         N/A       77%         3
 Lesser Beckoning         Tloc           0%         N/A       77%         3
 Teleport Other           Tloc           0%         N/A       77%         3
 Dispel Undead            Necr           0%         3d6       99%         4
 Leda's Liquefaction      Hex/Erth       0%         N/A       99%         4
 Olgreb's Toxic Radiance  Pois           0%         N/A       99%         4
 Agony                    Necr           0%         N/A       100%        5
 Borgnjor's Vile Clutch   Necr/Erth      0%         N/A       100%        5
 Silence                  Hex/Air        0%         N/A       100%        5
 Dispersal                Tloc           0%         N/A       100%        6
 Ozocubu's Refrigeration  Ice            0%         4d7       100%        7


Dungeon Overview and Level Annotations

Branches:
Dungeon (10/15)            Temple (0/1) D:6            Lair (3/5) D:8
  Swamp (0/4) Lair:2        Snake (0/4) Lair:3          Orc (0/2) D:9
  Sewer (visited)         Ossuary (visited)

Altars:
Ashenzari
Dithmenos
Fedhas
Gozag
Hepliaklqana
Okawaru
Qazlal
Ru
Uskayaw
Vehumet
Wu Jian
Xom

Shops:
D:5 (   D:8 !

Annotations:
D:10 2 runed translucent doors, caveywoolpert's ghost, novice DgEE
Lair:2 3 runed translucent doors, Quaruhoi's ghost, journeyman TrGl
Lair:3 3 runed translucent doors, Josephine; Pyga's ghost, journeyman DrCj; archydragon's ghost, journeyman MiGl


Innate Abilities, Weirdness & Mutations

You are immune to poison.
You have sharp fingernails.
Your flesh is cold resistant. (rC+)
You are immune to negative energy. (rN+++)
You do not regenerate when monsters are visible.
You are immune to unholy pain and torment.
You thrive by killing the living.


Message History

You hit Josephine.
Josephine is heavily wounded.
The wraith hits you. The wraith drains your vigour!
You feel as though you will be slow longer.
Josephine hits you with a +0 dagger. The wraith hits you!
* * * LOW HITPOINT WARNING * * *
The wraith drains your vigour!
You feel as though you will be slow longer.
Unknown command.
You spin and attack Josephine.
You hit Josephine.
Josephine is heavily wounded.
You spin and attack the wraith.
You punch the wraith!
The wraith is almost destroyed.
You spin and attack the wraith.
You closely miss the wraith.
The wraith is almost destroyed.
The wraith barely misses you. You block the wraith's attack.
Josephine misses you. The wraith hits you but does no damage.
Josephine hits you but does no damage. The wraith barely misses you.
Unknown command.
You spin and attack Josephine.
You catch the helpless Josephine completely off-guard!
You punch Josephine!
Josephine is severely wounded.
You spin and attack the wraith.
You hit the wraith.
You destroy the wraith!
The Council accepts your kill. Josephine barely misses you.
Unknown command.
You spin and attack Josephine repeatedly.
You closely miss Josephine.
Josephine is severely wounded.
You punch Josephine!
Josephine is almost dead.
You spin and attack the wraith.
You punch the wraith!
You destroy the wraith!
The Council accepts your kill. You block Josephine's attack.
Josephine casts a spell at you.
You convulse!
You die...

~# ##.....####### #P.....#
~. ##.....P#.##.####.....##
........................#
..(.....................##
.........................P#
.........................##
.#.........#.#...#.#......#
##.#....##.#######......##
..............@.........#
.............@........##
..................#
.................##
#.#..#.#.#####.#..# #
###.#### ##### ##


You could see Josephine (unable to see you).

Vanquished Creatures
  A hydra (Lair:3)
  2 tengu warriors (D:9)
  The ghost of SlaveLabor the Thaumaturge, a novice DEAE of Hepliaklqana (D:7)
  A cyclops (D:9)
  A manticore (D:10)
  Maggie (D:6)
  5 cane toads
  3 komodo dragons (Lair:2)
  A spectral unseen horror (D:7)
  2 rime drakes
  An efreet (D:9)
  A polar bear (Lair:3)
  Grinder (D:5)
  A hornet (D:9)
  2 trolls
  4 blink frogs (Lair:2)
  4 wraiths (Lair:3)
  A spriggan (Lair:3)
  3 wyverns
  22 yaks
  2 basilisks
  2 steam dragons (D:6)
  A naga (Lair:3)
  3 acid dragons
  4 water moccasins
  2 orc warriors
  2 ice beasts
  5 black bears
  7 wolves
  4 centaurs
  An elf zombie (Ossuary)
  4 kobold brigands
  14 bullfrogs
  2 necrophages
  8 wights
  7 killer bees
  3 howler monkeys
  A human zombie (Ossuary)
  A jelly (D:5)
  3 orc priests
  Crazy Yiuf (D:6)
  3 hounds
  5 iguanas
  11 orc wizards
  A spectral howler monkey (D:7)
  2 mummies (Ossuary)
  2 howler monkey zombies (D:7)
  A gnoll (D:2)
  9 adders
  3 river rats (Sewer)
  2 ufetubi
  6 worms
  3 dart slugs
  37 orcs
  15 ball pythons
  9 endoplasms
  4 giant cockroaches
  2 goblins
  5 hobgoblins
  9 jackals
  16 kobolds
  3 quokkas
  3 bats
  4 frilled lizards
  A gnoll zombie (Ossuary)
  5 goblin zombies (Ossuary)
  3 hobgoblin zombies (Ossuary)
  3 orc zombies (Ossuary)
  13 rats
  A spectral kobold (D:2)
  A butterfly (Lair:1)
317 creatures vanquished.

Vanquished Creatures (others)
  5 bushes (D:7)
  15 fungi
  22 plants
  6 withered plants (Lair:3)
48 creatures vanquished.

Grand Total: 365 creatures vanquished

Notes
Turn   | Place    | Note
-------+----------+-------------------------------------------
     0 | D:1      | Mesmaeker13 the Ghoul Monk began the quest for the Orb.
     0 | D:1      | Reached XP level 1. HP: 19/19 MP: 0/0
   148 | D:1      | Reached XP level 2. HP: 18/26 MP: 1/1
   671 | D:1      | Reached XP level 3. HP: 31/31 MP: 2/2
  1302 | D:2      | Found a faded altar of an unknown god.
  1485 | D:2      | Reached XP level 4. HP: 20/40 MP: 3/3
  2238 | D:3      | Found a glowing drain.
  2258 | D:3      | Reached skill level 1 in Armour
  2261 | Sewer    | Entered a sewer
  2357 | Sewer    | Reached XP level 5. HP: 38/46 MP: 4/4
  2426 | Sewer    | Noticed a kobold brigand
  2445 | Sewer    | Killed a kobold brigand
  2541 | Sewer    | Noticed a kobold brigand
  2566 | Sewer    | Killed a kobold brigand
  2567 | Sewer    | Reached XP level 6. HP: 27/55 MP: 5/5
  2744 | Sewer    | Reached skill level 5 in Unarmed Combat
  2828 | Sewer    | Reached skill level 5 in Fighting
  3311 | D:3      | Found a sacrificial altar of Ru.
  3895 | D:4      | Reached XP level 7. HP: 61/61 MP: 6/6
  3923 | D:5      | Entered Level 5 of the Dungeon
  4089 | D:4      | Found a hide-covered altar of Uskayaw.
  4495 | D:5      | Found Myhuh's Firing Range.
  4532 | D:5      | Noticed Grinder
  4544 | D:5      | Paralysed by Grinder for 2 turns
  4553 | D:5      | Killed Grinder
  4554 | D:5      | Reached XP level 8. HP: 26/71 MP: 7/7
  4610 | D:5      | Found a sand-covered staircase.
  4632 | Ossuary  | Entered an ossuary
  5827 | D:5      | Bought a +0 triple crossbow for 110 gold pieces
  5873 | D:6      | Reached skill level 1 in Ranged Weapons
  5986 | D:6      | Got the Verses on Freezing Stones
  6054 | D:6      | Found an opulent altar of Gozag.
  6054 | D:6      | Found an iron altar of Okawaru.
  6055 | D:6      | Found a shimmering altar of Xom.
  6055 | D:6      | Found a shadowy altar of Dithmenos.
  6057 | D:6      | Found a broken altar of Ashenzari.
  6057 | D:6      | Found an ornate altar of the Wu Jian Council.
  6057 | D:6      | Found a stormy altar of Qazlal.
  6068 | D:6      | Became a worshipper of the Wu Jian Council
  6068 | D:6      | Reached * piety under Wu Jian
  6068 | D:6      | Reached ** piety under Wu Jian
  6105 | D:6      | Noticed Maggie
  6278 | D:7      | Reached skill level 5 in Armour
  6467 | D:7      | Reached XP level 9. HP: 79/79 MP: 8/8
  6999 | D:6      | Found a staircase to the Ecumenical Temple.
  7032 | D:6      | Killed Maggie
  7419 | D:6      | Reached skill level 1 in Evocations
  7567 | D:6      | Found a runed translucent door.
  7568 | D:6      | Noticed Crazy Yiuf
  7577 | D:6      | Killed Crazy Yiuf
  7639 | D:7      | Found a blossoming altar of Fedhas.
  7881 | D:7      | Found a runed translucent gate.
  7881 | D:7      | Found a runed translucent gate.
  7882 | D:7      | Found a runed translucent gate.
  7883 | D:7      | Noticed a spectral unseen horror
  7883 | D:7      | Noticed SlaveLabor's ghost (novice DEAE)
  8285 | D:8      | Found a staircase to the Lair.
  8440 | D:8      | Reached XP level 10. HP: 80/90 MP: 9/9
  8475 | D:8      | Found Nuemy's Distillery.
  8490 | D:8      | Bought a potion of heal wounds for 70 gold pieces
  8524 | D:8      | Reached *** piety under Wu Jian
  8812 | D:8      | Identified the +2 robe of Prudence {Int+4 Slay+6}
  9078 | D:9      | Found a staircase to the Orcish Mines.
  9795 | D:9      | Noticed a cyclops
  9848 | D:9      | Killed a cyclops
  9849 | D:9      | Reached skill level 5 in Ranged Weapons
  9926 | D:9      | Reached XP level 11. HP: 83/99 MP: 10/10
  9946 | D:9      | Reached **** piety under Wu Jian
  9947 | D:9      | Noticed a tengu warrior
 10006 | D:9      | Noticed a tengu warrior
 10013 | D:9      | Killed a tengu warrior
 10467 | D:9      | Found a hazy altar of Hepliaklqana.
 10485 | D:9      | Killed a tengu warrior
 10486 | D:9      | Reached skill level 10 in Fighting
 10486 | D:9      | Reached skill level 10 in Unarmed Combat
 10929 | D:10     | Entered Level 10 of the Dungeon
 11027 | D:10     | Found a runed translucent door.
 11027 | D:10     | Noticed a wolf spider
 11030 | D:10     | Found a runed translucent door.
 11031 | D:10     | Noticed a fire crab
 11031 | D:10     | Noticed a skeletal warrior
 11033 | D:10     | Noticed a lich
 11033 | D:10     | Noticed a necromancer
 11040 | D:10     | Noticed caveywoolpert's ghost (novice DgEE)
 11143 | D:10     | Found a radiant altar of Vehumet.
 11508 | D:10     | Noticed a manticore
 11518 | D:10     | Killed a manticore
 11519 | D:10     | Reached skill level 5 in Evocations
 11995 | D:7      | Killed SlaveLabor's ghost
 12212 | Lair:1   | Entered Level 1 of the Lair of Beasts
 13253 | Lair:2   | Found a staircase to the Swamp.
 13531 | Lair:2   | Found a runed translucent gate.
 13532 | Lair:2   | Found a runed translucent gate.
 13533 | Lair:2   | Found a runed translucent gate.
 13536 | Lair:2   | Noticed Quaruhoi's ghost (journeyman TrGl)
 13536 | Lair:2   | Noticed an 11-headed hydra
 13536 | Lair:2   | Noticed an 11-headed hydra
 13583 | Lair:2   | Reached XP level 12. HP: 91/108 MP: 11/11
 14639 | Lair:3   | Found a staircase to the Snake Pit.
 14772 | Lair:3   | Found a runed translucent gate.
 14772 | Lair:3   | Found a runed translucent gate.
 14772 | Lair:3   | Found a runed translucent gate.
 14772 | Lair:3   | Noticed Pyga's ghost (journeyman DrCj)
 14773 | Lair:3   | Noticed archydragon's ghost (journeyman MiGl)
 14927 | Lair:3   | Noticed an eight-headed hydra
 14941 | Lair:3   | Killed a three-headed hydra
 15550 | Lair:3   | Noticed Josephine
 15568 | Lair:3   | Killed from afar by Josephine

Illustrated notes

Levels and vault maps discovered:
D:1:      dpeg_chamrin_arrival_tetris, layout_basic
D:2:      cheibrodos_helix_gallery, layout_rooms,
          dreamdust_ecumenical_altar_drowned_temple
D:3:      layout_basic, nicolae_ru_path_of_blood, cheibrodos_sewer_entry_bend,
          serial_rivers, chequers_serial_rivers_marsh,
          chequers_serial_rivers_room_b, chequers_serial_rivers_micro_e,
          chequers_serial_rivers_micro_a, chequers_serial_rivers_room_a,
          chequers_serial_rivers_small_a
D:4:      layout_rooms, nicolae_uskayaw_suspiria
D:5:      wad_lake_hut, layout_rooms, enter_ossuary_5,
          chequers_decorated_corner, nicolae_shop_firing_range, uniq_grinder
D:6:      cheibrodos_steamvent, layout_loops_ring, nicolae_overflows_in_rows,
          temple_fountains, roderic_lattice_a, minmay_chambers_of_fives,
          uniq_crazy_yiuf_cottage, uniq_maggie
D:7:      layout_layer_cave, fedhas_altar_decomposition,
          gammafunk_ghost_necromancy
D:8:      layout_rooms, dpeg_oklobed_lair, serial_shops, shop
D:9:      layout_gridville, david_orc_2, minmay_ruined_shrine
D:10:     layout_long_grid, kennysheep_mini_moat, fiery_altar_vehumet,
          muffindrake_ghost_dual_entry
Lair:1:   layout_cave_pods, lemuel_fruit_fields
Lair:2:   layout_regular_city, minmay_swamp_entry_reptiles,
          gammafunk_ghost_hydra_chop
Lair:3:   layout_long_grid, guppyfry_snake_entry_island,
          gammafunk_ghost_cemetery, grunt_forest_stairs_clearing,
          infiniplex_staircase_pool, uniq_josephine

Skill      XL: |  1  2  3  4  5  6  7  8  9 10 11 12 |
---------------+-------------------------------------+-----
Dodging        | 3 |  3.2
Stealth        | 3 |  3.1
Unarmed Combat | 4 5 6 7 8 9 10 11 | 11.4
Fighting       | 4 5 6 7 8 9 10 11 | 11.4
Armour         | 1 2 4 5 6 7 8 |  8.9
Ranged Weapons | 1 3 5 6 7 |  7.4
Evocations     | 2 4 5 6 |  6.7

Action                   |  1- 3 |  4- 6 |  7- 9 | 10-12 || total
-------------------------+-------+-------+-------+-------++-------
Melee: Unarmed           |   157 |   253 |   491 |   530 ||  1431
       Punch             |     4 |     9 |    22 |    40 ||    75
       Scimitar          |       |       |       |     5 ||     5
 Fire: Triple crossbow   |       |       |       |     5 ||     5
Throw: Boomerang         |       |     3 |     3 |     1 ||     7
       Dart              |       |       |    28 |    38 ||    66
       Javelin           |       |       |     1 |     1 ||     2
Invok: Whirlwind         |       |       |     6 |    46 ||    52
       Lunge             |       |       |     7 |    33 ||    40
       Serpent's Lash    |       |       |       |     2 ||     2
 Abil: Wall Jump         |       |       |     1 |       ||     1
Evoke: Wand              |       |       |       |    16 ||    16
  Use: Scroll            |       |     3 |     5 |     4 ||    12
       Potion            |       |     2 |     4 |     4 ||    10
 Stab: Distracted        |     1 |       |       |     1 ||     2
       Sleeping          |     2 |     1 |     1 |     7 ||    11
       Paralysed         |       |       |       |     6 ||     6
       Invisible         |       |       |       |     1 ||     1
Armor: Robe              |    17 |       |       |   123 ||   140
       Scale mail        |       |    47 |    80 |       ||   127
       Swamp dragon scal |       |       |    65 |    25 ||    90
Dodge: Dodged            |    92 |   105 |   157 |   235 ||   589
Block: Other             |     8 |    40 |    89 |   101 ||   238
       Reflection        |     1 |     3 |       |     3 ||     7

Table legend: (Time is in decaauts)
 A = Elapsed time spent in this place.
 B = Non-inter-level travel time spent in this place.
 C = Inter-level travel time spent in this place.
 D = Time resting spent in this place.
 E = Time spent auto-exploring this place.
 F = Levels seen in this place.
 G = Mean time per level.
                   A        B        C        D        E       F      G
               +--------+--------+--------+--------+--------+-----+--------+
         Total |  15629 |  15044 |    585 |   2732 |   8880 |  15 | 1041.9 |
       Dungeon |  10725 |  10262 |    463 |   1592 |   6332 |  10 | 1072.5 |
          Lair |   3326 |   3204 |    122 |    619 |   1976 |   3 | 1108.7 |
         Sewer |    997 |    997 |      0 |    149 |    532 |   1 |  997.0 |
       Ossuary |    580 |    580 |      0 |    372 |     39 |   1 |  580.0 |
               +--------+--------+--------+--------+--------+-----+--------+

Top non-repeatable levels by time:
     D:7: 1439 daAuts
     D:9: 1438 daAuts
  Lair:2: 1349 daAuts
     D:8: 1314 daAuts
     D:1: 1273 daAuts
     D:6: 1119 daAuts
  Lair:1: 1061 daAuts
     D:3: 1031 daAuts
   Sewer: 997 daAuts
    D:10: 970 daAuts
  Lair:3: 915 daAuts
     D:5: 864 daAuts
     D:2: 683 daAuts
     D:4: 591 daAuts
 Ossuary: 580 daAuts
